 Dungeon Crawl Stone Soup version 0.17.2-2-g6415ff710d (webtiles) character file.

147642 Goblin1989 the Severer (level 16, -6/173 HPs)
             Began as a Deep Dwarf Fighter on July 24, 2021.
             Was the Champion of Makhleb.
             Killed from afar by a tengu reaver (28 damage)
             ... with a bolt of lightning
             ... on level 2 of the Depths on Sept 17, 2021.
             The game lasted 01:48:37 (24723 turns).

Goblin1989 the Severer (Deep Dwarf Fighter)        Turns: 24723, Time: 01:48:38

Health: -6/173     AC: 25    Str: 32    XL:     16   Next: 92%
Magic:  23/23      EV:  8    Int: 17    God:    Makhleb [******]
Gold:   2902       SH: 15    Dex: 14    Spells: 2 memorised, 8 levels left

rFire  + . .     SeeInvis +     I - +14 obsidian axe {chop, +Fly Str+3 SInv *Curse} (curse)
rCold  . . .     Clarity  .     G - +0 plate armour
rNeg   + . .     SustAt   +     c - +0 shield
rPois  +         Gourm    +     l - +1 hat of Dathis {+Inv rCorr Str+3}
rElec  .         Spirit   .     S - +1 cloak {rF+}
rCorr  +         Warding  .     J - +1 pair of gloves
rMut   .         Stasis   .     y - +2 pair of boots
MR     +++..                    a - amulet of the gourmand
Stlth  ..........               o - ring of poison resistance
                                U - ring of Favouwn {SustAt Int+7}

@: mesmerised, non-regenerating, extremely resistant to hostile enchantments,
extremely unstealthy
A: damage resistance, recharge devices, beak, claws 1, horns 1, see invisible,
agile 1, magic resistance 1, negative energy resistance 1, sense surroundings 2,
robust 1, slow regeneration 3
a: Device Recharging, Minor Destruction, Lesser Servant of Makhleb, Major
Destruction, Greater Servant of Makhleb, Renounce Religion, Evoke Invisibility,
Evoke Flight


You were on level 2 of the Depths.
You worshipped Makhleb.
Makhleb was exalted by your worship.
You were very full.

You visited 6 branches of the dungeon, and saw 31 of its levels.
You also visited: Bailey, Ice Cave and Volcano.

You collected 3922 gold pieces.
You spent 1020 gold pieces at shops.

Inventory:

Hand Weapons
 I - the cursed +14 obsidian axe (weapon) {chop, +Fly Str+3 SInv *Curse}
   (You acquired it on level 1 of the Lair of Beasts)

   It inflicts extra damage upon your enemies.
   It affects your strength (+3).
   It lets you see invisible.
   It lets you fly.
   It may re-curse itself when equipped.
   It has a curse placed upon it.
Missiles
 Z - a throwing net {!d, =f}
Armour
 c - a +0 shield (worn)
 l - the +1 hat of Dathis (worn) {+Inv rCorr Str+3}
   (You acquired it on level 2 of the Lair of Beasts)

   It affects your strength (+3).
   It lets you turn invisible.
   It protects you from acid and corrosion.
 y - a +2 pair of boots (worn)
 C - the +0 pair of gloves of Altruism {-Tele rElec Regen+ Dex+11}
   (You found it on level 12 of the Dungeon)

   It affects your dexterity (+11).
   It insulates you from electricity.
   It prevents most forms of teleportation.
   It increases your rate of regeneration.
 G - a +0 plate armour (worn)
 J - a +1 pair of gloves (worn)
 S - a +1 cloak of fire resistance (worn)
Jewellery
 a - an amulet of the gourmand (around neck)
 f - an uncursed ring of protection from fire
 j - an uncursed amulet of resist mutation
 o - a ring of poison resistance (right hand)
 q - an uncursed ring of positive energy
 U - the ring of Favouwn (left hand) {SustAt Int+7}
   (You found it on level 8 of the Lair of Beasts)

   [ring of sustain attributes]

   It sustains your strength, intelligence and dexterity.
   It affects your intelligence (+7).
Wands
 b - a wand of disintegration (16)
 g - a wand of digging (9)
 h - a wand of heal wounds (5) {@v1, !v}
 n - a wand of digging (3)
 r - a wand of teleportation (0) {@v3, !v}
 A - a wand of fire (6)
 L - a wand of lightning (11)
 O - a wand of digging (9)
 P - a wand of disintegration (20)
Scrolls
 k - 14 scrolls of remove curse {@r2}
 t - 6 scrolls of recharging
 x - 12 scrolls of teleportation {@r3, !r}
 B - 4 scrolls of blinking
 E - 5 scrolls of fear
 H - 3 scrolls of fog
 K - 3 scrolls of immolation
 M - 2 scrolls of magic mapping
 R - a scroll of identify {@r1}
 V - a scroll of enchant weapon
 X - 7 scrolls of enchant armour
Potions
 d - 3 potions of might
 i - a potion of cancellation
 u - 6 potions of agility
 v - 6 potions of heal wounds {@q2, !q}
 w - 6 potions of resistance
 z - 15 potions of curing {@q1}
 D - a potion of haste
 N - 7 potions of lignification
Miscellaneous
 p - a fan of gales
 s - a disc of storms
 Q - a phial of floods
Comestibles
 e - a bread ration {@e1}
 m - 22 royal jellies
 F - 14 meat rations {@e2}
 T - 5 slices of pizza
 W - 25 fruits
 Y - 9 beef jerkies


   Skills:
 + Level 13.7 Fighting
 - Level 18.0 Axes
 + Level 13.0 Armour
 * Level 13.9 Shields
 + Level 15.8 Evocations


You had 8 spell levels left.
You knew the following spells:

 Your Spells              Type           Power        Failure   Level  Hunger
y - Song of Slaying       Chrm           #.......     99%         2    ###....
A - Aura of Abjuration    Summ           #.........   100%        5    ######.


Dungeon Overview and Level Annotations

Branches:
Dungeon (15/15)            Temple (1/1) D:7            Lair (8/8) D:11
 Shoals (0/4) Lair:6       Spider (1/4) Lair:3        Slime (0/6) Lair:6
    Orc (4/4) D:11            Elf (0/3) Orc:3        Vaults (0/5) D:14
 Depths (2/5) D:15

Altars:
Ashenzari
Cheibriados
Dithmenos
Elyvilon
Fedhas
Gozag
Kikubaaqudgha
Makhleb
Nemelex Xobeh
Qazlal
Ru
Sif Muna
Trog
Vehumet
Xom
Yredelemnul
Zin
The Shining One
Beogh
Jiyva

Shops:
D:5 }   D:6 ?   D:9 :   Orc:1 =(%   Orc:4 =*[(   Depths:1 **

Portals:
Hell: Depths:1 Depths:2


Innate Abilities, Weirdness & Mutations

You are resistant to damage.
You can recharge devices by infusing magical energy.
You resist negative energy.
You passively map the area around you.
You do not regenerate naturally.
You have a beak for a mouth.
You have sharp fingernails.
You have a pair of small horns on your head.
You have supernaturally acute eyesight.
You are agile. (Dex +2)
You are resistant to hostile enchantments.
You are robust (+10% HP).


Message History

You are too injured to fight recklessly!
You are too injured to fight recklessly!
You are too injured to fight recklessly!
You are too injured to fight recklessly!
You are too injured to fight recklessly!
You are too injured to fight recklessly!
You are too injured to fight recklessly!
You are too injured to fight recklessly!
You are too injured to fight recklessly!
Unknown command.
The yaktaur shoots a bolt.
The bolt hits you!
You see here a bolt.
You take 6 damage, and have 81/173 hp.
The yaktaur unwields an uncursed arbalest.
You block the yaktaur's attack.
You carve the yaktaur like a ham!!!
You are no longer entranced.
You kill the yaktaur!
Makhleb accepts your kill.
You feel better.
You regained 10 hp, and now have 91/173 hp.
Things that are here:
an uncursed arbalest; 21 bolts; a yaktaur corpse
Things that are here:
an uncursed arbalest; 21 bolts; a yaktaur corpse You swap places.
You swap places.
You see here a bolt.
You swap places.
You see here a bolt.
Your pack is full.
You see here a throwing net {!d, =f}.
Drop what? 52/52 slots (_ for help) (? for menu, Esc to quit)
Okay, then.
Drop what? 52/52 slots (_ for help) (? for menu, Esc to quit)
Okay, then.
Drop what? 52/52 slots (_ for help) (? for menu, Esc to quit)
You drop an uncursed ring of protection from magic.
You drop a meat ration {@e2}.
Drop what? 51/52 slots (_ for help) (? for menu, Esc to quit)
Okay, then.
Z - a throwing net {!d, =f};
m - 22 royal jellies
Things that are here:
a meat ration {@e2} an uncursed ring of protection from magic As you open the door, it creaks loudly!
There is an open door here.
You open the door.
There is an open door here.
Your sun demon disappears in a puff of smoke!
You open the door.
Found an escape hatch in the floor.
There is an open door here.
Your pack is full.
You see here a potion of magic.
Your pack is full.
You see here a potion of magic.
Could not pick up an item here; shall I ignore it?
You see here a potion of magic.
There is an open door here.
A tengu reaver comes into view.
It is wielding a long sword of freezing.
Visions of slaying the tengu reaver flood into your mind.
The tengu reaver shouts!
A tengu reaver is nearby!
You are too injured to fight recklessly!
You are too injured to fight recklessly!
You are too injured to fight recklessly!
You are too injured to fight recklessly!
You are too injured to fight recklessly!
You are too injured to fight recklessly!
The tengu reaver points at you and mumbles some strange words.
The bolt of lightning hits you!
* * * LOW HITPOINT WARNING * * *
You take 40 damage, and have 51/173 hp.
O_OOPS!!
MASSIVE DAMAGE!!
You barely miss the tengu reaver. Your peck misses the tengu reaver.
You slice the tengu reaver!!
The tengu reaver is heavily wounded.
The tengu reaver hits you but does no damage.
You block the tengu reaver's attack. x2
The tengu reaver blocks your attack. x2
The tengu reaver is moderately wounded.
The tengu reaver casts a spell at you. The bolt of lightning hits you!
* * * LOW HITPOINT WARNING * * *
The bolt of lightning hits your soul eater.
You take 29 damage, and have 22/173 hp.
You completely miss the tengu reaver. You headbutt the tengu reaver.
Your peck misses the tengu reaver.
The tengu reaver is heavily wounded.
Your soul eater draws from the surrounding life force!
The tengu reaver is heavily wounded.
Your soul eater is healed.
Unknown command.
You catch the helpless tengu reaver momentarily off-guard.
You slash the tengu reaver!
You peck the tengu reaver, but do no damage.
The tengu reaver is severely wounded.
The tengu reaver casts a spell at you. The bolt of lightning hits you!
You die...

·· ▓ · · ♣.8 ▲ ▓▓ ▓
∆.... ... ▓▓█ ·
▓·█.....█ ▓...♣♣██ · █
█.....█ · █.█..█ ··
▓█.█.....█· · █....█ · ·
··· ∆..... ▓ ▓█..% · ·
....▓ ██.█ ·· ·
███████∆██████ ▓ ███.█
·▓ .......3@Q...██ █...█
· ▓ ▓
██████4████....█████.███
█..█ █............. ▓
█.██ █.████████4███ · ·
███∆███ █.█ █.█
█..!..███.█ ████∆███
█.....∆...█████.......
█.....███.....∆.≈≈≈≈..
█.....█ ███████.≈██≈..


You could see a tengu reaver, a friendly soul eater and a friendly sixfirhy.

Vanquished Creatures
  Asterion (Spider:1)
  Gastronok (D:10)
  Agnes (Spider:1)
  A fire giant (Depths:1)
  Maud (Lair:7)
  2 orc warlords (Orc:4)
  The ghost of XO4YCPATb the Markscentaur, a journeyman CeMo of Cheibriados (Spider:1)
  A ghost moth (Spider:1)
  A vampire knight (Depths:1)
  2 stone giants
  A vault guard (D:14)
  3 ettins
  2 fire dragons
  A rakshasa (Depths:2)
  5 hydras
  Fannar (D:11)
  2 ice dragons
  2 catoblepae
  5 centaur warriors
  Erolcha (D:10)
  3 ogre magi
  A queen ant (Lair:6)
  8 death yaks
  A deep troll earth mage (Depths:1)
  4 orc high priests
  5 skeletal warriors (D:15)
  3 unseen horrors
  6 deep trolls (Depths:1)
  An ice devil (IceCv)
  3 necromancers
  5 orc knights
  A harpy (shapeshifter) (D:14)
  6 hill giants
  2 orb spiders (Spider:1)
  7 orc sorcerers
  3 wolf spiders
  2 cyclopes
  2 griffons
  5 oklob plants (Lair:6)
  13 ugly things
  A manticore (D:15)
  A guardian serpent (D:12)
  6 black mambas
  A centaur zombie (D:12)
  A frost giant skeleton (Depths:1)
  2 spriggan zombies (Depths:1)
  2 torpor snails
  3 ice statues (IceCv)
  4 elephants
  A kobold demonologist (D:14)
  A guardian serpent (shapeshifter) (D:13)
  A yaktaur zombie (Depths:1)
  8 spiny frogs
  9 yaktaurs
  9 komodo dragons
  2 efreet (D:14)
  A spriggan skeleton (Depths:1)
  3 fire drakes
  5 jumping spiders (Spider:1)
  4 trolls
  7 blue devils (IceCv)
  4 slime creatures (D:13)
  7 two-headed ogres
  6 polar bears (Lair:8)
  2 raiju (Lair:8)
  A fire dragon zombie (Depths:1)
  18 blink frogs
  An ice dragon zombie (Depths:1)
  A boulder beetle (Lair:5)
  4 wyverns
  2 shadows (D:14)
  2 deep troll zombies (Depths:1)
  A spriggan (D:7)
  Sigmund (D:4)
  A tarantella (shapeshifter) (D:14)
  A deep elf mage (D:10)
  A trapdoor spider (D:14)
  A wraith (D:12)
  6 redbacks (Spider:1)
  26 wolves
  A basilisk (Lair:8)
  A hippogriff (shapeshifter) (D:14)
  37 yaks
  A mottled dragon (D:15)
  13 hippogriffs
  5 hungry ghosts
  19 soldier ants (Lair:6)
  9 wargs
  A steam dragon (D:10)
  3 hell hounds (Lair:8)
  12 water moccasins
  12 spiders
  10 porcupines
  The ghost of hurricos the Chucker, an amateur OgAs (D:3)
  12 ice beasts
  13 black bears
  2 eyes of draining
  10 ogres
  2 phantoms
  2 sky beasts
  5 boggarts
  35 orc warriors
  11 centaurs
  10 crocodiles
  A big kobold (D:14)
  A wyvern skeleton (D:14)
  22 giant frogs
  3 scorpions
  16 killer bees
  12 crimson imps
  4 wights (D:10)
  2 electric eels (Spider:1)
  26 orc priests
  3 draconian simulacra (IceCv)
  2 jellies
  27 worker ants
  A giant frog skeleton (D:10)
  A wyvern simulacrum (D:14)
  13 hounds
  An iron imp (Depths:2)
  6 centaur skeletons
  40 orc wizards
  13 hell rats
  2 spriggan simulacra (IceCv)
  3 troll simulacra (IceCv)
  8 iguanas
  40 sheep
  A centaur simulacrum (IceCv)
  2 hound skeletons
  16 gnolls
  7 adders
  36 river rats
  An ogre simulacrum (IceCv)
  3 shadow imps
  9 white imps (Lair:6)
  An ooze (D:7)
  An adder zombie (D:6)
  2 worms
  An adder skeleton (D:6)
  206 orcs
  2 ball pythons
  14 goblins
  14 hobgoblins
  23 kobolds
  5 quokkas
  4 bats
  6 giant cockroaches
  2 giant geckos
  2 giant gecko skeletons
  6 giant newts
  14 jackals
  11 rats
  8 fungi
  10 plants
  A spectral weapon (Spider:1)
1156 creatures vanquished.

Vanquished Creatures (collateral kills)
  A tengu reaver (D:14)
  A stone giant (Depths:2)
  3 hydras
  2 centaur warriors (D:14)
  2 death yaks
  An orc high priest (Orc:4)
  2 deep troll earth magi (Depths:1)
  A deep troll (Depths:1)
  A hill giant (D:15)
  An orc knight (Orc:4)
  A lindwurm (Orc:1)
  A wolf spider zombie (D:15)
  A siren (Lair:6)
  2 elephants (Lair:5)
  A cyclops (D:15)
  Psyche (D:10)
  A centaur skeleton (D:15)
  2 manticores
  A black mamba (Lair:7)
  2 komodo dragons
  2 spiny frogs
  A yaktaur (Depths:1)
  2 polar bears (Lair:8)
  A queen bee (Orc:2)
  A tengu conjurer (D:14)
  A two-headed ogre (D:15)
  3 blink frogs
  2 slime creatures
  A raiju (Lair:8)
  A spriggan skeleton (Depths:1)
  4 yaks
  3 hippogriffs
  A hungry ghost (D:12)
  A mottled dragon (D:14)
  4 wolves
  A warg (D:15)
  A water moccasin (Lair:4)
  A soldier ant (Lair:6)
  An ice beast (D:13)
  An eye of draining (D:13)
  A spider (Lair:3)
  An ogre (D:15)
  7 orc warriors (Orc:4)
  A giant frog (D:14)
  11 killer bees (Orc:2)
  3 hounds (Lair:8)
  12 orc wizards
  7 orc priests
  A hell rat (Lair:7)
  An iguana (Lair:4)
  5 sheep
  3 worker ants (Lair:6)
  8 river rats
  3 white imps (Lair:6)
  A shadow imp (D:14)
  41 orcs
  2 jackals (Lair:8)
  2 kobolds (D:14)
  3 fungi
  4 plants (Lair:7)
178 creatures vanquished.

Vanquished Creatures (others)
  An ice devil (IceCv)
  A wolf (Lair:8)
  An orc priest (D:7)
  An orc wizard (Orc:4)
  An orc (Orc:1)
  4 fungi
  5 plants
14 creatures vanquished.

Grand Total: 1348 creatures vanquished

Notes
Turn   | Place    | Note
--------------------------------------------------------------
     0 | D:1      | Goblin1989 the Deep Dwarf Fighter began the quest for the Orb.
     0 | D:1      | Reached XP level 1. HP: 20/20 MP: 1/1
   397 | D:1      | Reached XP level 2. HP: 22/27 MP: 2/2
   797 | D:2      | Reached XP level 3. HP: 30/33 MP: 3/3
   804 | D:2      | Reached skill level 4 in Axes
   837 | D:2      | Found a faded altar to an unknown god.
  1347 | D:3      | Noticed hurricos's ghost (amateur OgAs)
  1376 | D:3      | Killed hurricos's ghost
  1376 | D:3      | Reached skill level 6 in Axes
  1376 | D:3      | Reached XP level 4. HP: 26/40 MP: 4/4
  1376 | D:3      | Reached XP level 5. HP: 29/46 MP: 5/5
  1381 | D:3      | Found a shattered altar of Ashenzari.
  1767 | D:3      | You fall through a shaft!
  1800 | D:4      | Found a blossoming altar of Fedhas.
  1845 | D:4      | Noticed an ogre
  1857 | D:4      | Killed an ogre
  1857 | D:4      | Reached skill level 7 in Axes
  1857 | D:4      | Reached XP level 6. HP: 41/55 MP: 6/6
  1866 | D:4      | Noticed Sigmund
  1912 | D:4      | Killed Sigmund
  1912 | D:4      | Reached skill level 8 in Axes
  2489 | D:4      | Got a dull robe
  2499 | D:4      | Reached XP level 7. HP: 61/61 MP: 7/7
  2736 | D:5      | Entered Level 5 of the Dungeon
  2952 | D:5      | Reached skill level 9 in Axes
  3064 | D:5      | Found Toboenack's Gadget Shop.
  3106 | D:5      | Bought a disc of storms for 260 gold pieces
  3148 | D:5      | Reached skill level 10 in Axes
  3148 | D:5      | Reached skill level 1 in Evocations
  3235 | D:5      | Reached XP level 8. HP: 52/68 MP: 8/8
  3610 | D:6      | Reached skill level 11 in Axes
  3781 | D:6      | Found Umekkaug's Magic Scroll Shop.
  3785 | D:6      | Bought a scroll of teleportation for 33 gold pieces
  3785 | D:6      | Bought a scroll of identify for 22 gold pieces
  3785 | D:6      | Bought a scroll of remove curse for 33 gold pieces
  3785 | D:6      | Bought a scroll of fog for 22 gold pieces
  4003 | D:7      | Found a basalt altar of Yredelemnul.
  4007 | D:7      | Found a glowing golden altar of the Shining One.
  4011 | D:7      | Found a deep blue altar of Sif Muna.
  4081 | D:7      | Found a staircase to the Ecumenical Temple.
  4092 | Temple   | Entered the Ecumenical Temple
  4113 | Temple   | Became a worshipper of Makhleb the Destroyer
  4200 | D:7      | Reached skill level 5 in Evocations
  4245 | D:7      | Gained mutation: You passively map the area around you. [Deep Dwarf growth]
  4245 | D:7      | Reached XP level 9. HP: 69/74 MP: 10/12
  4394 | D:7      | Reached skill level 12 in Axes
  4591 | D:7      | Reached * piety under Makhleb
  4600 | D:7      | Found a shadowy altar of Dithmenos.
  5277 | D:8      | Reached skill level 5 in Fighting
  5601 | D:9      | Found a white marble altar of Elyvilon.
  5767 | D:9      | Found an ancient bone altar of Kikubaaqudgha.
  5774 | D:9      | Found a sparkling altar of Nemelex Xobeh.
  5779 | D:9      | Found a radiant altar of Vehumet.
  5872 | D:9      | Found a snail-covered altar of Cheibriados.
  5920 | D:9      | Found Xeorgh's Book Shoppe.
  5923 | D:9      | Reached ** piety under Makhleb
  6080 | D:9      | Reached XP level 10. HP: 58/92 MP: 10/14
  6094 | D:9      | Found an opulent altar of Gozag.
  6095 | D:9      | Found a glowing silver altar of Zin.
  6434 | D:10     | Entered Level 10 of the Dungeon
  6474 | D:10     | Found a flagged portal.
  6494 | Bailey   | Entered a bailey
  6591 | Bailey   | Noticed an orc knight
  6604 | Bailey   | Reached *** piety under Makhleb
  6676 | Bailey   | Killed an orc knight
  6901 | D:10     | Gained mutation: You have a beak for a mouth. [potion of mutation]
  6901 | D:10     | Gained mutation: You have sharp fingernails. [potion of mutation]
  6901 | D:10     | Gained mutation: You have a pair of small horns on your head. [potion of mutation]
  6902 | D:10     | Gained mutation: You are robust (+10% HP). [potion of mutation]
  6902 | D:10     | Gained mutation: You have supernaturally acute eyesight. [potion of mutation]
  6933 | D:10     | Noticed an unseen horror
  6958 | D:10     | Killed an unseen horror
  7126 | D:10     | Noticed Erolcha
  7138 | D:10     | Killed Erolcha
  7165 | D:10     | Reached skill level 5 in Armour
  7245 | D:10     | Noticed a hill giant
  7247 | D:10     | Noticed Psyche
  7254 | D:10     | Killed a hill giant
  7254 | D:10     | Reached **** piety under Makhleb
  7254 | D:10     | Reached skill level 5 in Shields
  7256 | D:10     | Killed Psyche
  7341 | D:10     | Noticed an unseen horror
  7375 | D:10     | Killed an unseen horror
  7375 | D:10     | Reached XP level 11. HP: 91/113 MP: 15/15
  7398 | D:10     | Noticed Gastronok
  7418 | D:10     | Killed Gastronok
  7581 | D:11     | Found a staircase to the Lair.
  7584 | D:11     | Noticed Fannar
  7766 | D:11     | Reached skill level 10 in Evocations
  7842 | D:11     | Reached skill level 13 in Axes
  7856 | D:11     | Reached ***** piety under Makhleb
  7913 | D:11     | Noticed a hill giant
  7969 | D:11     | Killed Fannar
  7971 | D:11     | Killed a hill giant
  7978 | D:11     | Learned a level 2 spell: Song of Slaying
  8033 | D:11     | Noticed a hill giant
  8041 | D:11     | Killed a hill giant
  8127 | D:11     | Found a staircase to the Orcish Mines.
  8453 | Lair:1   | Entered Level 1 of the Lair of Beasts
  8472 | Lair:1   | Reached XP level 12. HP: 127/127 MP: 16/16
  8844 | Lair:1   | Got a spiked cloak
  8850 | Lair:1   | Identified the +2 cloak of the Forgotten Ships {+Inv Regen+ Int+3 Dex+3} (You found it on level 1 of the Lair of Beasts)
  8984 | Lair:1   | Noticed an eight-headed hydra
  8988 | Lair:1   | Killed an eight-headed hydra
  9007 | Lair:1   | Identified a scroll of acquirement
  9108 | Lair:1   | Reached skill level 10 in Fighting
  9510 | Lair:2   | Found a white marble altar of Elyvilon.
  9799 | Lair:2   | Got a slimy hat
  9810 | Lair:2   | Identified the +1 hat of Dathis {+Inv rCorr Str+3} (You acquired it on level 2 of the Lair of Beasts)
 10304 | Lair:3   | Reached ****** piety under Makhleb
 10307 | Lair:3   | Found a hole to the Spider Nest.
 11050 | Lair:4   | Learned a level 5 spell: Aura of Abjuration
 11128 | Lair:4   | Reached skill level 14 in Axes
 11158 | Lair:4   | Reached XP level 13. HP: 103/139 MP: 18/18
 11252 | Lair:4   | Found a basalt altar of Yredelemnul.
 11365 | Lair:4   | Noticed a five-headed hydra
 11376 | Lair:4   | Killed a five-headed hydra
 12914 | Lair:6   | Found a frozen archway.
 13414 | Lair:6   | Found a staircase to the Slime Pits.
 13414 | Lair:6   | Found a viscous altar of Jiyva.
 13485 | Lair:6   | Found a staircase to the Shoals.
 13571 | Lair:6   | Reached skill level 15 in Axes
 13947 | Lair:7   | Gained mutation: You resist negative energy. [Deep Dwarf growth]
 13947 | Lair:7   | Reached XP level 14. HP: 116/149 MP: 19/19
 13955 | Lair:7   | Reached skill level 10 in Shields
 14002 | Lair:7   | Noticed Maud
 14012 | Lair:7   | Killed Maud
 14012 | Lair:7   | Reached skill level 10 in Armour
 14512 | Lair:8   | Entered Level 8 of the Lair of Beasts
 15291 | Lair:8   | Reached skill level 16 in Axes
 15415 | Lair:8   | Got a wavering platinum ring
 15417 | Lair:8   | Identified the ring of Favouwn {SustAt Int+7} (You found it on level 8 of the Lair of Beasts)
 15854 | Orc:1    | Entered Level 1 of the Orcish Mines
 15897 | Orc:1    | Found a dark tunnel.
 15942 | Volcano  | Entered a volcano
 16182 | Orc:1    | Found Fibry's Food Emporium.
 16517 | Orc:3    | Found a staircase to the Elven Halls.
 17418 | Orc:1    | Found a roughly hewn altar of Beogh.
 17809 | Orc:4    | Entered Level 4 of the Orcish Mines
 17833 | Orc:4    | Reached XP level 15. HP: 160/160 MP: 21/21
 17906 | Orc:4    | Found a roughly hewn altar of Beogh.
 17909 | Orc:4    | Noticed an orc warlord
 17922 | Orc:4    | Killed an orc warlord
 18248 | Orc:4    | Noticed an orc warlord
 18270 | Orc:4    | Killed an orc warlord
 18359 | Orc:4    | Found Relerho's Antique Armour Shoppe.
 18360 | Orc:4    | Found Moippal's Antique Weapon Emporium.
 18361 | Orc:4    | Found Jootor's General Store.
 18361 | Orc:4    | Found Oleytet's Jewellery Shoppe.
 18473 | Orc:4    | Found a bloodstained altar of Trog.
 18637 | Orc:1    | Found Jehaxkeu's Jewellery Shop.
 18639 | Orc:1    | Found Wydwobbe's Weapon Emporium.
 18720 | Orc:1    | Bought an uncursed ring of poison resistance for 260 gold pieces
 18720 | Orc:1    | Bought an uncursed amulet of the gourmand for 390 gold pieces
 18964 | Spider:1 | Entered Level 1 of the Spider Nest
 19044 | Spider:1 | Reached skill level 17 in Axes
 19048 | Spider:1 | Noticed XO4YCPATb's ghost (journeyman CeMo)
 19063 | Spider:1 | Killed XO4YCPATb's ghost
 19190 | Spider:1 | Noticed Agnes
 19201 | Spider:1 | Killed Agnes
 19353 | Spider:1 | Got an ichor-stained long sword
 19370 | Spider:1 | Noticed Asterion
 19381 | Spider:1 | Killed Asterion
 20018 | D:12     | Got a pair of transparent gloves
 20029 | D:12     | Identified the +0 pair of gloves of Altruism {-Tele rElec Regen+ Dex+11} (You found it on level 12 of the Dungeon)
 21006 | D:13     | Found a frozen archway.
 21028 | IceCv    | Entered an ice cave
 21471 | D:14     | Noticed a tengu reaver
 21491 | D:14     | Killed a tengu reaver
 21497 | D:14     | Reached XP level 16. HP: 106/171 MP: 21/23
 21716 | D:14     | You fall through a shaft!
 21716 | D:15     | Entered Level 15 of the Dungeon
 21927 | D:15     | Reached skill level 18 in Axes
 22008 | D:15     | Got a faintly humming chain mail
 22231 | D:15     | Found a staircase to the Depths.
 22293 | D:15     | Reached skill level 15 in Evocations
 22411 | Depths:1 | Entered Level 1 of the Depths
 22498 | Depths:1 | Identified the +2 chain mail of Eluirik {*Corrode rElec rPois Str+3} (You found it on level 15 of the Dungeon)
 22524 | Depths:1 | Found a gateway to Hell.
 23397 | D:14     | Found a gate to the Vaults.
 24018 | Depths:1 | Found Sox Ceej's General Store.
 24224 | Depths:1 | Gained mutation: You are agile. (Dex +2) [potion of beneficial mutation]
 24225 | Depths:1 | Gained mutation: You are resistant to hostile enchantments. [potion of beneficial mutation]
 24275 | Depths:1 | Found Goreq's Goods Gallery.
 24723 | Depths:2 | Killed from afar by a tengu reaver

Action                   |  1- 3 |  4- 6 |  7- 9 | 10-12 | 13-15 | 16-18 || total
-------------------------+-------+-------+-------+-------+-------+-------++-------
Melee: War axe           |   146 |   129 |   411 |       |       |       ||   686
       Broad axe         |       |       |    74 |   506 |  1134 |   344 ||  2058
 Abil: Device Recharging |       |       |     2 |     2 |       |       ||     4
       Evoke Invisibilit |       |       |       |       |     1 |       ||     1
Evoke: Wand              |     2 |     5 |     6 |    27 |     3 |     4 ||    47
       Fan of gales      |       |       |       |     1 |       |     1 ||     2
       Phial of floods   |       |       |       |     1 |     1 |     1 ||     3
  Use: Scroll            |       |       |     6 |    14 |     7 |     7 ||    34
       Potion            |       |       |       |     5 |     1 |    10 ||    16
 Stab: Confused          |       |       |       |     1 |       |     1 ||     2
       Invisible         |       |       |       |     1 |     5 |       ||     6
       Paralysed         |       |       |       |     1 |       |       ||     1
       Petrified         |       |       |       |       |     2 |       ||     2
       Distracted        |       |       |       |       |     7 |     4 ||    11
  Eat: Chunk             |     1 |     3 |    11 |    14 |    46 |    18 ||    93
       Royal jelly       |       |       |     2 |       |       |       ||     2
       Pizza             |       |       |     1 |     2 |       |       ||     3
       Fruit             |       |       |       |       |     1 |       ||     1

Vault maps used:
D:1:      minmay_arrival_widening_spiral_wide, st_stairs_6
D:2:      ecumenical_altar_1
D:3:      nicolae_overflow_hidden_temple, kennysheep_generic_room_6
D:4:      first_bread, fedhas_altar_3, uniq_sigmund
D:5:      serial_shops, nicolae_shop_waterfront
D:6:      serial_shops, nicolae_shop_temple_entry_statues_fountains
D:7:      minmay_overflow_temple_star_quad, minmay_temple_entry_trees,
          basic_altar, the_bakery, hangedman_decor_riveting,
          kennysheep_crisscross
D:8:      nicolae_sextant
D:9:      grunt_temple_overflow_gold_and_silver, lemuel_crystal_altar,
          minitemple, cheibrodos_worm_habitat, serial_shops,
          nicolae_shop_crystal
D:10:     enter_bailey_3, uniq_psyche, uniq_gastronok, uniq_erolcha
D:11:     dpeg_lair_monsters, hiddenorc2_lemuel, uniq_fannar
D:12:     nrook_guardian_serpent_ordinary
D:13:     portal_ice_cave_entry_ice_beasts
D:14:     hangedman_cross_veins, david_vaults_5,
          infiniplex_staircase_spiral_double, grunt_ministairs_15
D:15:     grunt_enter_depths_hoard, corexii_leaking_fountain
Temple:   zaba_magenta_temple_8
Lair:1:   beast_lair_carwin_11
Lair:2:   basic_altar
Lair:3:   nicolae_spider_entry_tight_spaces, serial_bayou_shore_a,
          serial_bayou_shore_b, bh_autumn_forest_stairs, grunt_megastairs_2,
          lemuel_fruit_tree
Lair:4:   basic_altar
Lair:5:   beast_lair_carwin_9, infiniplex_staircase_pool_2
Lair:6:   dpeg_oklob_gauntlet, minmay_shoals_entry_lonely_mermaid,
          slime_altar_1, portal_ice_cave_entry_imps, minivault_29
Lair:7:   nicolae_lair_yak_garden, uniq_maud
Lair:8:   hangedman_lair_caniforms_friends, hangedman_lair_in_review,
          serial_bayou_shore_b
Spider:1: uniq_asterion, uniq_agnes
Orc:1:    serial_shops, nicolae_shop_waterfront, shop_statue,
          nicolae_shop_competitors_out_of_business,
          nicolae_volcano_entry_vermiform, mines1_david
Orc:2:    special_room
Orc:3:    nicolae_orc_pool_cavern
Orc:4:    st_orc_congregation, basic_altar, bloody_trog
Depths:1: serial_shops, shop, pf_vacation_house_of_asmodeus, minivault_11,
          st_stairs_8, nicolae_alphabet_shops
Depths:2: grunt_forest_end_shrine, grunt_hell_entry_dis_grunt, abyss_entry,
          infiniplex_staircase_zigzag_1
Bailey:   bailey_axe_2, bailey
IceCv:    ice_cave_tombish
Volcano:  volcano_pools
